 Dungeon Crawl Stone Soup version 0.31-a0-1082-g7d1fb776a8 (webtiles) character file.

Game seed: 525289290444022879

197 Flugslaktarn the Changeling (level 5, 0/35 HPs)
             Began as an Octopode Shapeshifter on Nov 28, 2023.
             Slain by a gnoll
             ... wielding a +0 halberd
             ... led by a gnoll bouda
              (6 damage)
             ... on level 4 of the Dungeon.
             The game lasted 00:01:18 (3122 turns).

Flugslaktarn the Changeling (Octopode Shapeshifter) Turns: 3122, Time: 00:01:19

Health: 0/35       AC:  1    Str: 14    XL:     5   Next: 75%
Magic:  5/5        EV: 13    Int: 12    God:
Gold:   113        SH:  0    Dex: 19    Spells: 4/4 levels left

rFire   + .          .
                       - Unarmed
rCold   . . .        (no shield)
rNeg    . . .        (helmet currently unavailable)
rPois   .            (no amulet)
rElec   .            f - ring of protection from fire
rCorr   .            g - +6 ring of dexterity
SInv    .            (no ring)
Will    .....        (no ring)
Stlth   +++          (no ring)
HPRegen 0.25/turn    (no ring)
MPRegen 0.09/turn    (no ring)
                     (no ring)

%: no passive effects
@: beast-form, weakened, hasted, very quick
A: beast (slay +2), almost no armour, amphibious, 8 rings, camouflage 1,
gelatinous body 1, (nimble swimmer 1), tentacles
a: Begin Untransformation


You were on level 4 of the Dungeon.
You were a hulking beast.
You visited 1 branch of the dungeon, and saw 4 of its levels.

You collected 113 gold pieces.

Inventory:

Missiles
 o - a throwing net
Jewellery
 f - a ring of protection from fire (left tentacle)
   (You found it on level 2 of the Dungeon)
 g - a +6 ring of dexterity (right tentacle)
   (You found it on level 1 of the Dungeon)
Talismans
 b - a beast talisman
 c - a flux talisman
Scrolls
 d - a scroll of poison {unknown}
 i - a scroll of revelation {unknown}
 j - 4 scrolls of teleportation {unknown}
 k - 2 scrolls of identify {unknown}
 m - 2 scrolls of silence {unknown}
 p - a scroll of blinking {unknown}
Potions
 a - a potion of lignification
 e - a potion of might {unknown}
 h - a potion of haste
 l - a potion of enlightenment {unknown}
 n - a potion of ambrosia {unknown}
 q - 3 potions of attraction {unknown}


   Skills:
 + Level 2.7 Fighting
 - Level 2.0 Dodging
 + Level 4.0 Unarmed Combat
 * Level 4.6 Shapeshifting


You had 4 spell levels left.
You didn't know any spells.
Your spell library was empty.

Dungeon Overview and Level Annotations

Branches:
Dungeon (4/15)
 Temple: D:4-7

Altars:


Innate Abilities, Weirdness & Mutations

You are a hulking beast.
Your limbs bulge with bestial killing power. (Slay +2)
You cannot wear most types of armour.
You are amphibious.
You can wear up to eight rings at the same time.
Your skin changes colour to match your surroundings (Stealth+).
Your rubbery body absorbs attacks. (AC +1, EV +1)
((You are camouflaged when in or above water. (Stealth+)))
You have tentacles for arms and can constrict up to eight enemies at once.


Message History

No target in view!
There is an escape hatch in the floor here.
Found a stone staircase leading up.
Done exploring.
Done exploring.
No target in view!
No target in view!
No target in view!
No target in view!
Done exploring.
There is an open door here.
There is an open door here.
There is a stone staircase leading down here.
You climb downwards.
Found four items.
Found a stone staircase leading up.
There is a stone staircase leading up here.
Unknown command.
m - 2 scrolls labelled IGGAURI WAAME (gained 1)
You see here a book of Vapours.
A goblin comes into view. It is wielding a +0 club.
A goblin is nearby!
A goblin is nearby!
You now have 104 gold pieces (gained 11).
Found an escape hatch in the ceiling.
The goblin misses you.
You tentacle-slap the goblin. You grab the goblin.
The goblin is heavily wounded.
You constrict the goblin.
You kill the goblin!
No target in view!
No target in view!
Things that are here:
a +0 club; a goblin corpse
Found 4 stones.
You now have 113 gold pieces (gained 9).
An adder comes into view.
Found a white potion.
An adder is nearby!
An adder is nearby!
The helpless adder fails to defend itself.
You tentacle-slap the adder. You grab the adder.
The adder is lightly wounded.
You constrict the adder, but do no damage.
The adder misses you. The adder bites you.
You are poisoned.
The adder poisons you!
You tentacle-slap the adder but do no damage.
The adder is lightly wounded.
You constrict the adder.
You feel sick. The adder barely misses you.
You tentacle-slap the adder. You squeeze the adder.
You kill the adder!
You feel sick.
No target in view!
No target in view!
You feel sick.
You feel sick.
You feel sick.
You are no longer poisoned.
HP restored.
You see here an adder corpse.
q - 3 white potions (gained 1)
Found a mace.
No target in view!
A giant cockroach comes into view.
A giant cockroach is nearby!
Found a stone staircase leading down.
A gnoll comes into view. It is wielding a +0 club.
An orc and a gnoll come into view.
Found a scroll labelled ZUDIAF JOAL.
Found a book of Decay and a falchion.
The gnoll shouts!
You hear a shout!
A gnoll comes into view. It is wielding a +0 club.
The gnoll shouts! x2
A gnoll bouda comes into view. It is wielding a +0 club.
The orc shouts!
The gnoll bouda shouts!
You hear a shout!
The gnoll bouda barks out a call to the hunt!
The gnolls pick up the pace!
The gnoll hits you from afar with a +0 halberd!
The gnoll barely misses you.
A hobgoblin comes into view.
There are monsters nearby!
You barely miss the gnoll. You grab the gnoll. You constrict the gnoll.
The gnoll bouda gazes fiercely through you!
You feel your attacks grow feeble. The gnoll hits you with a +0 club.
The gnoll barely misses you. The giant cockroach closely misses you.
There are monsters nearby!
You tentacle-slap the gnoll.
The gnoll is moderately wounded.
You constrict the gnoll. The gnoll closely misses you.
The gnoll hits you from afar with a +0 halberd!
* * * LOW HITPOINT WARNING * * *
The giant cockroach bites you.
* * * LOW HITPOINT WARNING * * *
Okay, then.
It was a potion of haste.
You feel yourself speed up.
You constrict the gnoll. The giant cockroach barely misses you.
The gnoll misses you. The orc barely misses you.
The gnoll hits you from afar with a +0 halberd.
You die...

..####.......######..#
..## #######........#
...# ######.)## ...#
####.....# ...#
##........## ####
#..........#
#..........#
#..........#
#....goh...#
#...>.gB....#
##.....g....#
#......g...#
#...?.g....#
##.)......:.#
#..........#
##.........#


You could see a gnoll bouda, 3 gnolls, an orc, a giant cockroach and a
hobgoblin.

Vanquished Creatures
  Terence (D:2)
  Jessica (D:2)
  Robin (D:2)
  6 adders
  An orc (D:3)
  5 bats
  7 endoplasms
  16 goblins
  13 hobgoblins
  4 kobolds
  5 quokkas
  5 ball pythons
  3 frilled lizards
  7 rats
75 creatures vanquished.

Notes
Turn   | Place    | Note
-------+----------+-------------------------------------------
     0 | D:1      | Flugslaktarn the Octopode Shapeshifter began the quest for
                  | the Orb.
     0 | D:1      | Reached XP level 1. HP: 13/13 MP: 1/1
   194 | D:1      | Reached XP level 2. HP: 18/18 MP: 2/2
   620 | D:1      | Found a faded altar of an unknown god.
   665 | D:1      | Reached XP level 3. HP: 3/23 MP: 3/3
   829 | D:2      | Noticed Robin
  1179 | D:2      | Killed Robin
  1180 | D:2      | Reached XP level 4. HP: 29/29 MP: 4/4
  1251 | D:2      | Noticed Jessica
  1254 | D:2      | Killed Jessica
  1311 | D:2      | Noticed Terence
  1318 | D:2      | Killed Terence
  1319 | D:2      | Reached XP level 5. HP: 9/35 MP: 5/5
  3122 | D:4      | Slain by a gnoll

Illustrated notes

Levels and vault maps discovered:
D:1:      nagdon_arrival_zigzag_paths, layout_basic,
          ebering_ecumenical_altar_box
D:2:      layout_basic, st_stairs_4, minmay_box_of_dots, uniq_jessica,
          uniq_robin, uniq_terence
D:3:      layout_loops_corners
D:4:      layout_cave_pods, minmay_temple_entry_glass, minmay_distorted

Skill      XL: |  1  2  3  4  5 |
---------------+----------------+-----
Fighting       | 2 |  2.7
Shapeshifting  | 4 |  4.6
Unarmed Combat | 4 |  4.0
Dodging        | |  2.0

Action                     |  1- 3 |  4- 6 || total
---------------------------+-------+-------++-------
  Melee: Unarmed           |    65 |    70 ||   135
         Constrict         |    16 |    21 ||    37
         Tentacles         |     9 |    14 ||    23
    Use: Potion            |       |     1 ||     1
   Stab: Sleeping          |     6 |     9 ||    15
         Distracted        |     1 |       ||     1
 Armour: Skin              |    30 |    32 ||    62
  Dodge: Dodged            |    46 |    47 ||    93

Table legend: (Time is in decaauts)
 A = Elapsed time spent in this place.
 B = Non-inter-level travel time spent in this place.
 C = Inter-level travel time spent in this place.
 D = Time resting spent in this place.
 E = Time spent auto-exploring this place.
 F = Levels seen in this place.
 G = Mean time per level.
                   A        B        C        D        E       F      G
               +--------+--------+--------+--------+--------+-----+--------+
         Total |   3114 |   3011 |    103 |    393 |   2197 |   4 |  778.5 |
       Dungeon |   3114 |   3011 |    103 |    393 |   2197 |   4 |  778.5 |
               +--------+--------+--------+--------+--------+-----+--------+

Top non-repeatable levels by time:
     D:2: 1188 daAuts
     D:1: 974 daAuts
     D:3: 830 daAuts
     D:4: 120 daAuts
